 Dungeon Crawl Stone Soup version 0.20-a0-1026-gc3ddcbd (webtiles) character file.

10655 Cerepol the Severer (level 11, -9/92 HPs)
             Began as a Hill Orc Fighter on Apr 20, 2017.
             Was a Follower of Uskayaw.
             Mangled by a white ugly thing (13 damage)
             ... on level 11 of the Dungeon.
             The game lasted 00:29:36 (7491 turns).

Cerepol the Severer (Hill Orc Fighter)              Turns: 7491, Time: 00:29:36

Health: -9/92      AC:  9    Str: 27    XL:     11   Next: 65%
Magic:  18/18      EV:  8    Int: 10    God:    Uskayaw [*.....]
Gold:   533        SH:  9    Dex: 10    Spells: 10/10 levels left

rFire    . . .     SeeInvis .   a - +1 war axe
rCold    . . .     Gourm    .   c - +0 shield
rNeg     . . .     Faith    .   T - +0 ring mail of Neihakh {MR+ Slay+3} (curse)
rPois    .         Spirit   .   (no helmet)
rElec    .         Reflect  .   m - +0 cloak
rCorr    .         Harm     .   S - +0 pair of gloves
MR       +....                  (no boots)
Stlth    ..........             e - amulet of regeneration
Regen    0.7/turn               t - +2 ring of slaying
MPRegen  0.2/turn               u - +6 ring of strength

@: drained
A: no striking features
a: Stomp, Renounce Religion


You were on level 11 of the Dungeon.
You worshipped Uskayaw.
Uskayaw was aware of your devotion.
You were not hungry.

You visited 2 branches of the dungeon, and saw 12 of its levels.

You collected 533 gold pieces.

Inventory:

Hand Weapons
 a - a +1 war axe (weapon)
Missiles
 Q - 10 tomahawks (quivered)
Armour
 c - a +0 shield (worn)
 m - a +0 cloak (worn)
 J - a +0 plate armour
 S - a +0 pair of gloves (worn)
 T - the cursed +0 ring mail of Neihakh (worn) {MR+ Slay+3}
   (You found it on level 11 of the Dungeon)

   It affects your accuracy and damage with ranged weapons and melee attacks
   (+3).
   It affects your resistance to hostile enchantments.
   It has a curse placed upon it.
Jewellery
 e - an amulet of regeneration (around neck)
 r - an uncursed ring of resist corrosion
 t - a +2 ring of slaying (left hand)
 u - a +6 ring of strength (right hand)
 A - the ring of Lon Saem {Wiz MP+9 Int+3 Dex-4}
   (You found it on level 4 of the Dungeon)

   [ring of wizardry]

   It improves your spell success rate.
   It affects your intelligence (+3).
   It affects your dexterity (-4).
   It affects your magic capacity (+9).
 C - an uncursed ring of fire
 I - an uncursed ring of protection from magic
 O - an uncursed ring of poison resistance
Wands
 b - a wand of lightning (4/15)
 o - a wand of paralysis (10/24)
 w - a wand of polymorph (5/24)
 x - a wand of lightning (13/15)
 z - a wand of iceblast (9/15)
 D - a wand of paralysis (9/24)
Scrolls
 j - 5 scrolls of identify
 y - a scroll of blinking
 H - a scroll of teleportation
 L - a scroll of remove curse
 N - a scroll of enchant weapon
 P - 2 scrolls of torment {unknown}
Potions
 d - 2 potions of might
 g - a potion of mutation
 i - 6 potions of brilliance
 k - 2 potions of curing
 l - 2 potions of agility
 n - a potion of ambrosia
 q - 2 potions of flight
 v - a potion of lignification
 E - a potion of magic
 G - a potion of heal wounds
 R - a potion of invisibility {unknown}
Books
 B - a book of Flames

   Spells                             Type                      Level
   a - Flame Tongue                   Conjuration/Fire             1
   b - Throw Flame                    Conjuration/Fire             2
   c - Conjure Flame                  Conjuration/Fire             3
   d - Inner Flame                    Hexes/Fire                   3
   e - Sticky Flame                   Conjuration/Fire             4
   f - Fireball                       Conjuration/Fire             5
 K - a Young Poisoner's Handbook

   Spells                             Type                      Level
   a - Sting                          Conjuration/Poison           1
   b - Poisonous Vapours              Poison/Air                   2
   c - Mephitic Cloud                 Conjuration/Poison/Air       3
   d - Olgreb's Toxic Radiance        Poison                       4
   e - Venom Bolt                     Conjuration/Poison           5
 U - Tuful's Grimoire of Flamy Snow
   (You found it on level 8 of the Dungeon)

   Spells                             Type                      Level
   a - Throw Flame                    Conjuration/Fire             2
   b - Throw Frost                    Conjuration/Ice              2
   c - Ignite Poison                  Fire/Transmutation/Poison    3
   d - Inner Flame                    Hexes/Fire                   3
   e - Ice Form                       Ice/Transmutation            4
   f - Freezing Cloud                 Conjuration/Ice/Air          6
Comestibles
 f - 4 bread rations
 h - 5 meat rations
 p - 4 royal jellies
 s - 3 fruits


   Skills:
 + Level 7.4(7.0) Fighting
 - Level 16.6(16.0) Axes
 * Level 9.0(8.5) Armour
 - Level 3.2(2.8) Shields
 - Level 9.7(9.2) Invocations


You had 10 spell levels left.
You didn't know any spells.

Dungeon Overview and Level Annotations

Branches:
Dungeon (11/15)            Temple (1/1) D:5            Lair (0/6) D:8
    Orc: D:9-12

Altars:
Dithmenos
Fedhas
Gozag
Hepliaklqana
Nemelex Xobeh
Qazlal
Ru
Sif Muna
Uskayaw
Vehumet
Wu Jian
Xom
Yredelemnul
The Shining One

Shops:
D:5 :   D:10 =


Message History

The eight-headed hydra bites you.
* * * LOW HITPOINT WARNING * * *
You can now pass through a line of other dancers.
A two-headed ogre comes into view.
It is wielding a giant club and a giant spiked club.
You see here a quokka corpse.
A hound and an ugly thing come into view.
The hound barks!
The white ugly thing gurgles horribly!
The two-headed ogre shouts in stereo!
A six-headed hydra comes into view.
The hound barely misses you. The hound bites you.
* * * LOW HITPOINT WARNING * * *
A green ugly thing comes into view.
The green ugly thing gurgles horribly!
You can no longer pass through a line of other dancers.
A hippogriff comes into view.
The hippogriff screeches!
The white ugly thing trunk-slaps you!
* * * LOW HITPOINT WARNING * * *
The white ugly thing freezes you!
You die...

#.# #.# . #.#
#.# .
######†#####.##
#
................
########........
#........
#h.O....H
#DuD..u..
#@..?....
...............
##.########.###
.# #


You could see an eight-headed hydra, a six-headed hydra, 2 ugly things, a
two-headed ogre, a hippogriff and a hound.

Vanquished Creatures
  Josephine (D:11)
  Erica (D:9)
  2 two-headed ogres (D:8)
  Pikel (D:6)
  Maurice (D:11)
  Joseph (D:9)
  Psyche (D:9)
  A komodo dragon (D:8)
  2 trolls
  A hippogriff (D:9)
  Sigmund (D:2)
  7 yaks
  6 wraiths (D:11)
  A hungry ghost (D:11)
  A human (D:6)
  3 orc warriors
  4 slaves (D:6)
  A hornet zombie (D:10)
  2 sky beasts
  2 black bears (D:8)
  5 ogres
  A phantom (D:4)
  The ghost of Zdeegee the Gusty, an amateur DgAE (D:3)
  2 centaurs
  A big kobold (D:8)
  5 bullfrogs
  A wyvern zombie (D:11)
  2 scorpions
  6 killer bees (D:11)
  6 howler monkeys
  3 crimson imps
  2 centaur zombies
  A human zombie (D:6)
  An orc priest (D:10)
  2 bullfrog skeletons
  4 hounds
  A centaur skeleton (D:4)
  4 orc wizards
  Jessica (D:3)
  Terence (D:3)
  6 worker ants
  2 hound skeletons
  A hound zombie (D:10)
  A howler monkey zombie (D:9)
  4 gnolls (D:4)
  13 adders
  5 shadow imps
  2 adder zombies
  An adder skeleton (D:5)
  3 worms
  2 dart slugs
  6 leopard geckos
  28 orcs
  A giant cockroach (D:7)
  4 goblins
  6 hobgoblins
  11 jackals
  2 quokkas
  A ball python (D:8)
  8 bats
  2 frilled lizards
  A goblin skeleton (D:6)
  A jackal skeleton (D:6)
  A jackal zombie (D:7)
  11 kobolds
  A leopard gecko skeleton (D:6)
  3 rats
217 creatures vanquished.

Vanquished Creatures (others)
  Ijyb (D:3)
  4 plants (D:8)
5 creatures vanquished.

Grand Total: 222 creatures vanquished

Notes
Turn   | Place    | Note
-------+----------+-------------------------------------------
     0 | D:1      | Cerepol the Hill Orc Fighter began the quest for the Orb.
     0 | D:1      | Reached XP level 1. HP: 19/19 MP: 1/1
    26 | D:1      | Reached skill level 3 in Axes
    99 | D:1      | Reached XP level 2. HP: 23/26 MP: 2/2
   438 | D:1      | Reached skill level 4 in Axes
   703 | D:2      | Reached XP level 3. HP: 28/31 MP: 3/3
   705 | D:2      | Noticed Sigmund
   833 | D:2      | Killed Sigmund
   833 | D:2      | Reached skill level 7 in Axes
   833 | D:2      | Reached XP level 4. HP: 7/39 MP: 4/4
   833 | D:2      | Reached XP level 5. HP: 9/45 MP: 5/5
  1291 | D:3      | Noticed Terence
  1291 | D:3      | Noticed Jessica
  1308 | D:3      | Killed Terence
  1308 | D:3      | Reached skill level 8 in Axes
  1308 | D:3      | Reached XP level 6. HP: 47/51 MP: 6/6
  1310 | D:3      | Killed Jessica
  1574 | D:3      | Noticed Zdeegee's ghost (amateur DgAE)
  1597 | D:3      | Killed Zdeegee's ghost
  1641 | D:3      | Noticed Ijyb
  1646 | D:3      | Killed Ijyb
  2509 | D:4      | Found a stormy altar of Qazlal.
  2511 | D:4      | Found a shimmering altar of Xom.
  2511 | D:4      | Found a deep blue altar of Sif Muna.
  2511 | D:4      | Found a radiant altar of Vehumet.
  2511 | D:4      | Found a glowing golden altar of the Shining One.
  2512 | D:4      | Found a sparkling altar of Nemelex Xobeh.
  2556 | D:4      | Noticed a phantom
  2568 | D:4      | Killed a phantom
  2568 | D:4      | Reached skill level 9 in Axes
  2568 | D:4      | Reached XP level 7. HP: 40/60 MP: 7/7
  2570 | D:4      | Got a flickering bone ring
  2572 | D:4      | Identified the ring of Lon Saem {Wiz MP+9 Int+3 Dex-4} (You found it on level 4 of the Dungeon)
  2892 | D:5      | Entered Level 5 of the Dungeon
  2902 | D:5      | Found Zuschar's Book Boutique.
  2948 | D:5      | Found a staircase to the Ecumenical Temple.
  2965 | D:5      | Reached skill level 5 in Fighting
  2969 | Temple   | Entered the Ecumenical Temple
  2994 | Temple   | Became a worshipper of Uskayaw the Reveler
  3035 | D:5      | Reached * piety under Uskayaw
  3045 | D:5      | Reached ** piety under Uskayaw
  3047 | D:5      | Reached skill level 10 in Axes
  3055 | D:5      | Reached *** piety under Uskayaw
  3548 | D:5      | Reached XP level 8. HP: 68/68 MP: 8/8
  3581 | D:5      | Reached skill level 11 in Axes
  3762 | D:6      | Reached skill level 12 in Axes
  3842 | D:6      | Noticed Pikel
  3854 | D:6      | Killed Pikel
  3854 | D:6      | Reached skill level 13 in Axes
  3964 | D:6      | Found a runed door.
  3973 | D:6      | Reached XP level 9. HP: 74/74 MP: 9/9
  3977 | D:6      | Found a basalt altar of Yredelemnul.
  4316 | D:7      | Reached skill level 14 in Axes
  4324 | D:7      | Reached **** piety under Uskayaw
  4331 | D:7      | Reached ***** piety under Uskayaw
  4410 | D:7      | Reached skill level 1 in Invocations
  4658 | D:6      | Got a shimmering leather armour
  4669 | D:6      | Identified the +1 leather armour "Lenluod" {+Blink rC- Int+4} (You found it on level 6 of the Dungeon)
  4766 | D:8      | Noticed a two-headed ogre
  4792 | D:8      | Killed a two-headed ogre
  4792 | D:8      | Reached skill level 15 in Axes
  4792 | D:8      | Reached skill level 5 in Invocations
  4979 | D:8      | Noticed a two-headed ogre
  4991 | D:8      | Killed a two-headed ogre
  4991 | D:8      | Reached XP level 10. HP: 52/81 MP: 13/15
  5125 | D:8      | Identified Tuful's Grimoire of Flamy Snow
  5441 | D:8      | Found a staircase to the Lair.
  5821 | D:9      | Reached skill level 16 in Axes
  5822 | D:9      | Noticed Psyche
  5822 | D:9      | Noticed Erica
  5827 | D:9      | Killed Psyche
  5853 | D:9      | HP: 3/81 [troll (7)]
  5998 | D:9      | Killed Erica
  6076 | D:9      | Noticed Joseph
  6093 | D:9      | Killed Joseph
  6093 | D:9      | Reached skill level 5 in Armour
  6144 | D:9      | Found a sparkling altar of Nemelex Xobeh.
  6622 | D:10     | Entered Level 10 of the Dungeon
  6680 | D:10     | Reached XP level 11. HP: 72/86 MP: 13/18
  6827 | D:10     | Found Kuss's Jewellery Shoppe.
  7144 | D:11     | Got a shimmering ring mail
  7172 | D:11     | Identified the cursed +0 ring mail of Neihakh {MR+ Slay+3} (You found it on level 11 of the Dungeon)
  7238 | D:11     | Noticed Josephine
  7250 | D:11     | Killed Josephine
  7412 | D:11     | Noticed Maurice
  7424 | D:11     | Killed Maurice
  7459 | D:11     | Noticed a six-headed hydra
  7486 | D:11     | Noticed a two-headed ogre
  7486 | D:11     | Noticed a white ugly thing
  7487 | D:11     | Noticed a six-headed hydra
  7490 | D:11     | Noticed a green ugly thing
  7491 | D:11     | HP: 4/92 [white ugly thing (8)]
  7491 | D:11     | Mangled by a white ugly thing

Vault maps used:
D:1:      evilmike_arrival_crescent
D:2:      uniq_sigmund
D:3:      uniq_ijyb, uniq_terence, uniq_jessica
D:4:      minitemple
D:5:      minmay_temple_entry_mist, serial_shops, shop_fountains, first_bread,
          kennysheep_big_empty_room
D:6:      hangedman_decor_clover_reticule, dk_yredelemnul_ordeal, uniq_pikel
D:8:      david_lair_shrubbed
D:9:      basic_altar, uniq_erica, uniq_psyche, uniq_joseph
D:10:     serial_shops, shop
D:11:     minmay_orc_entry_temple_small, uniq_maurice, uniq_snorg,
          uniq_josephine
Temple:   eino_temple_rhombus

Skill      XL: |  1  2  3  4  5  6  7  8  9 10 11 |
---------------+----------------------------------+-----
Axes           | 3 4 7 8 9 10 13 15 16 | 16.6
Fighting       | 4 5 7 |  7.4
Invocations    | 7 9 |  9.7
Armour         | 5 9 |  9.0
Shields        | |  3.2

Action                   |  1- 3 |  4- 6 |  7- 9 | 10-12 || total
-------------------------+-------+-------+-------+-------++-------
Melee: War axe           |    88 |    93 |   204 |   309 ||   694
       Unarmed           |       |       |    12 |       ||    12
Invok: Stomp             |       |       |     1 |     3 ||     4
       Line Pass         |       |       |     1 |     2 ||     3
       Grand Finale      |       |       |       |     1 ||     1
Evoke: Wand              |       |       |       |     4 ||     4
  Use: Scroll            |       |    11 |     6 |     5 ||    22
 Stab: Paralysed         |       |       |     7 |    19 ||    26
       Confused          |       |       |     3 |       ||     3
  Eat: Chunk             |       |     5 |     9 |    12 ||    26
Armor: Scale mail        |    62 |    31 |    55 |     4 ||   152
       Skin              |       |       |     1 |       ||     1
       Plate armour      |       |       |       |    69 ||    69
       Ring mail         |       |       |       |    18 ||    18
Dodge: Dodged            |    59 |    23 |    46 |    52 ||   180
Block: Shield            |    57 |    28 |    95 |    85 ||   265
